AoeStats
← Sealion42

Nomad

510615368Analyzed
2v2 RM · 8h ago on Oct 1, 2026· 49m 24s· 4 players
Game mode
Random Map
Map size
176×176
Population
200
Speed
Normal
Resources
Standard
Victory
Conquest
Starting age
Dark Age
Ending age
Imperial Age
RankedLock teamsTeams togetherTeam positionsShared explorationLock speedFull tech treeHidden civsTurbo modeCheats
Victory
Defeat
🇺🇦 Persians · Ukraine
1204
+18
🇨🇿 Armenians · Czechia
1180
+18
🇸🇪 Saxons · Sweden
1243
-18
🇸🇪 Spanish · Sweden
1231
-18
Sealion42
10:44 Loom
12:46 Feudal Age
13:46 Double-Bit Axe
20:21 Wheelbarrow
22:19 Castle Age
23:28 Scale Barding Armor
23:35 Bloodlines
23:25 Husbandry
23:53 Bow Saw
26:03 Chain Barding Armor
31:46 Fishing Lines
33:28 Gillnets
37:19 Horse Collar
42:44 Imperial Age
42:19 Heavy Plow
42:36 Gold Mining
44:02 Plate Barding Armor
43:00 Cavalier
45:46 Savar
47:54 Forging
48:07 Conscription
namrskal
3:21 Loom
4:24 Loom
14:26 Feudal Age
14:55 Double-Bit Axe
17:04 Gold Mining
17:42 Fletching
19:18 Fishing Lines
19:55 Scale Mail Armor
19:55 Man-at-Arms
19:55 Pikeman
20:50 Forging
23:12 Castle Age
21:44 Long Swordsman
24:13 Medium Warships
23:56 Two-Handed Swordsman
25:33 Chain Mail Armor
25:54 Iron Casting
27:28 Town Watch
29:02 Bodkin Arrow
28:47 Elite Skirmisher
29:18 Gambesons
30:20 Bow Saw
31:40 Ballistics
33:45 Horse Collar
36:44 Wheelbarrow
36:37 Padded Archer Armor
37:10 Arson
38:55 Squires
44:51 Imperial Age
44:48 Halberdier
46:08 Conscription
46:59 Plate Mail Armor
47:28 Gold Shaft Mining
47:27 Bracer
49:02 Fereters
50:01 Blast Furnace
wmoloo
5:00 Loom
13:41 Feudal Age
15:21 Double-Bit Axe
20:21 Castle Age
19:23 Fletching
20:35 Padded Archer Armor
20:52 Crossbowman
22:23 Wheelbarrow
25:30 Bodkin Arrow
25:44 Town Watch
27:20 Horse Collar
27:56 Bow Saw
33:17 Hand Cart
37:16 Thumb Ring
37:28 Leather Archer Armor
37:21 Heavy Plow
38:05 Pikeman
39:06 Scale Mail Armor
44:00 Forging
46:03 Gold Mining
LilleSkutt
6:27 Loom
14:22 Feudal Age
21:32 Castle Age
20:40 Stone Mining
20:41 Gold Mining
20:55 Padded Archer Armor
22:44 Double-Bit Axe
24:02 Bow Saw
25:43 Horse Collar
27:23 Town Watch
34:54 Imperial Age
33:00 Wheelbarrow
32:45 Leather Archer Armor
33:09 Bloodlines
33:39 Husbandry
35:41 Scale Barding Armor
36:13 Conscription
36:37 Forging
36:32 Cavalier
39:32 Chain Barding Armor
42:13 Plate Barding Armor
47:00 Iron Casting
47:10 Murder Holes
Connection lost

Rejoining the realm…

Still unreachable

The connection could not be restored.

Session expired

The server has moved on; the page needs a fresh start.